AoeStats
← Malcolm Little

Nomad

510205497Analyzed
4v4 RM · 1d ago on Sep 29, 2026· 45m 1s· 8 players
Game mode
Random Map
Map size
231×231
Population
200
Speed
Normal
Resources
Standard
Victory
Conquest
Starting age
Dark Age
Ending age
Imperial Age
RankedLock teamsTeams togetherTeam positionsShared explorationLock speedFull tech treeHidden civsTurbo modeCheats
Victory
Defeat
🇵🇪 Cumans · Peru
1558
+13
🇪🇨 Armenians · Ecuador
1468
+17
🇨🇴 Tupi · Colombia
1388
+20
🇪🇨 Koreans · Ecuador
1363
+21
🇲🇽 Varangians · Mexico
1541
-20
1504
-19
🇩🇴 Persians · Dominican Republic
1476
-17
🇮🇳 Saxons · India
1406
-15
robecha18
3:40 Loom
13:07 Feudal Age
13:40 Double-Bit Axe
16:20 Fishing Lines
19:40 Castle Age
18:14 Stone Mining
20:29 Town Watch
23:56 Bow Saw
26:09 Wheelbarrow
25:46 Gillnets
26:12 Forging
26:23 Scale Barding Armor
29:06 Bloodlines
29:42 Chain Barding Armor
31:18 Husbandry
33:21 Iron Casting
33:24 Gold Mining
36:03 Fletching
Malcolm Little
10:56 Loom
13:50 Feudal Age
18:25 Castle Age
16:58 Double-Bit Axe
17:45 Gold Mining
19:12 Bow Saw
19:33 Fishing Lines
21:23 Wheelbarrow
22:45 Town Watch
22:55 Gillnets
28:17 Bloodlines
29:09 Scale Barding Armor
31:24 Hand Cart
31:01 Horse Collar
32:11 Gold Shaft Mining
33:16 Chain Barding Armor
36:42 Imperial Age
34:54 Forging
37:00 Iron Casting
36:28 Husbandry
36:34 Fletching
36:30 Cavalier
38:13 Plate Barding Armor
38:04 Ballistics
37:55 Masonry
37:26 Heavy Camel Rider
38:16 Stone Mining
41:27 Blast Furnace
41:46 Two-Man Saw
42:42 Savar
FreakinGorkha
5:24 Loom
13:25 Feudal Age
17:26 Castle Age
15:19 Double-Bit Axe
15:53 Horse Collar
18:12 Scale Mail Armor
18:01 Town Watch
Yucatan_water_supremacy
4:59 Loom
14:29 Feudal Age
20:31 Castle Age
18:19 Double-Bit Axe
19:11 Town Watch
21:37 Medium Warships
24:01 Bow Saw
28:58 Fletching
30:24 Bodkin Arrow
31:56 Ballistics
34:15 Imperial Age
32:22 Wheelbarrow
33:57 Padded Archer Armor
36:07 Chemistry
38:09 Bombard Tower
38:12 Stone Mining
38:45 Bracer
42:38 Pirotechnia
42:48 Conscription
43:57 Two-Man Saw
42:38 Horse Collar
44:39 Murder Holes
44:55 Masonry
TREX KID BOO
4:13 Loom
14:16 Feudal Age
19:09 Castle Age
17:39 Fletching
17:59 Double-Bit Axe
20:17 Bow Saw
20:47 Town Watch
21:00 Bodkin Arrow
21:52 Ballistics
24:19 Horse Collar
28:40 Medium Warships
30:12 Heavy Plow
30:37 Gold Mining
31:27 Stone Mining
32:40 Scale Mail Armor
32:51 Forging
32:10 Pikeman
34:26 Wheelbarrow
38:24 Imperial Age
37:46 Chain Mail Armor
38:07 Iron Casting
37:47 Squires
37:33 Arson
38:03 Town Patrol
38:52 Halberdier
38:56 Capped Ram
41:23 Chemistry
41:09 Elite War Wagon
43:52 Conscription
MasteRk
4:34 Loom
13:50 Feudal Age
14:59 Town Watch
15:18 Double-Bit Axe
16:26 Horse Collar
18:11 Wheelbarrow
22:43 Castle Age
22:00 Forging
23:06 Scale Barding Armor
23:13 Bloodlines
24:09 Chain Barding Armor
23:51 Light Cavalry
25:20 Iron Casting
24:54 Gold Mining
25:52 Stone Mining
31:07 Imperial Age
29:59 Heavy Plow
30:10 Bow Saw
30:45 Capped Ram
31:26 Cavalier
33:45 Plate Barding Armor
33:54 Paladin
36:43 Gold Shaft Mining
36:30 Conscription
37:42 Blast Furnace
38:06 Siege Ram
41:25 Two-Man Saw
42:05 Scale Mail Armor
41:25 Pikeman
42:06 Squires
42:42 Coinage
42:22 Guilds
42:08 Halberdier
43:04 Chain Mail Armor
43:16 Arson
43:30 Onager
45:00 Plate Mail Armor
AM | AndresBC
7:42 Loom
13:55 Feudal Age
18:08 Castle Age
17:15 Double-Bit Axe
17:23 Fletching
21:37 Bodkin Arrow
27:34 Horse Collar
28:04 Bow Saw
37:40 Imperial Age
35:23 Padded Archer Armor
39:31 Bracer
40:35 Chemistry
43:48 Heavy Plow
44:03 Gold Mining
44:04 Stone Mining
46:10 Wheelbarrow
el adriano
8:19 Loom
12:20 Feudal Age
13:29 Double-Bit Axe
16:02 Forging
16:53 Fletching
19:28 Horse Collar
20:01 Town Watch
24:36 Castle Age
23:25 Scale Mail Armor
23:22 Gold Mining
25:43 Bodkin Arrow
26:19 Bow Saw
26:11 Heavy Plow
27:22 Chain Mail Armor
27:42 Iron Casting
27:21 Man-at-Arms
27:47 Gambesons
28:02 Squires
28:33 Long Swordsman
30:24 Wheelbarrow
30:42 Two-Handed Swordsman
32:36 Gold Mining
34:06 Hand Cart
37:10 Imperial Age
36:41 Gold Shaft Mining
35:56 Stone Mining
36:47 Town Patrol
36:08 Champion
37:55 Arson
38:36 Stone Mining
39:12 Fereters
40:31 Plate Mail Armor
41:01 Blast Furnace
41:58 Blast Furnace
41:22 Conscription
40:56 Capped Ram
43:28 Siege Ram
Connection lost

Rejoining the realm…

Still unreachable

The connection could not be restored.

Session expired

The server has moved on; the page needs a fresh start.